 Dungeon Crawl Stone Soup version 0.30-a0-600-gb7c8574cbb (webtiles) character file.

Game seed: 3506999167628874673

677 BlackLaughter the Shield-Bearer (level 7, -5/67 HPs)
             Began as a Troll Fighter on Jan 7, 2023.
             Slain by Menkaure (19 damage)
             ... on level 5 of the Dungeon.
             The game lasted 00:14:04 (3425 turns).

BlackLaughter the Shield-Bearer (Troll Fighter)     Turns: 3425, Time: 00:14:05

Health: -5/67      AC:  4    Str: 25    XL:     7   Next: 33%
Magic:  6/6        EV: 14    Int:  4    God:
Gold:   93         SH:  8    Dex: 11    Spells: 6/6 levels left

rFire   . . .      SeeInvis .    a - +0 flail
rCold   . . .      Faith    .    c - +0 kite shield
rNeg    . . .      Spirit   .    b - +0 robe
rPois   .          Reflect  .    (helmet restricted)
rElec   .          Harm     .    (no cloak)
rCorr   .          Rampage  .    (gloves unavailable)
Will    .....      Clarity  +    (boots unavailable)
Stlth   +                        (no amulet)
HPRegen 1.11/turn                r - +5 ring of evasion
MPRegen 0.10/turn                (no ring)

@: lethally poisoned (-5 -> -6)
A: large, unfitting armour, claws 3, regeneration 1, shaggy fur 1, tough skin 1,
clarity
a: no special abilities


You were on level 5 of the Dungeon.
You visited 1 branch of the dungeon, and saw 5 of its levels.

You collected 187 gold pieces.
You spent 94 gold pieces at shops.

Inventory:

Hand Weapons
 a - a +0 flail (weapon)
Missiles
 y - a throwing net (quivered)
Armour
 b - a +0 robe (worn)
 c - a +0 kite shield (worn)
Jewellery
 r - a +5 ring of evasion (left claw)
Wands
 q - a wand of mindburst (21)
 u - a wand of digging (9)
 v - a wand of paralysis (6)
 x - a wand of iceblast (8)
Scrolls
 e - 2 scrolls of enchant armour {unknown}
 g - 3 scrolls of noise {unknown}
 h - 2 scrolls of teleportation {unknown}
 j - a scroll of amnesia {unknown}
 k - 2 scrolls of fog {unknown}
 n - 3 scrolls of poison {unknown}
 o - 2 scrolls of vulnerability {unknown}
 s - a scroll of torment {unknown}
 z - a scroll of enchant weapon {unknown}
Potions
 d - a potion of might
 f - 2 potions of lignification
 i - a potion of flight
 l - a potion of curing
 m - a potion of resistance
 p - a potion of invisibility {unknown}
 t - a potion of heal wounds {unknown}
 w - a potion of berserk rage {unknown}


   Skills:
 + Level 3.5 Fighting
 + Level 4.5 Maces & Flails
 + Level 3.9 Dodging
 + Level 0.2 Stealth
 + Level 4.7 Shields


You had 6 spell levels left.
You didn't know any spells.
Your spell library contained the following spells:

 Spells                   Type           Power      Damage    Failure   Level
 Beastly Appendage        Tmut           0%         N/A       78%         1
 Magic Dart               Conj           0%         1d3       78%         1
 Call Imp                 Summ           0%         N/A       89%         2
 Cigotuvi's Dreadful Rot  Necr/Pois/Air  0%         N/A       89%         2
 Ensorcelled Hibernation  Hex/Ice        0%         N/A       89%         2
 Passwall                 Tmut/Erth      0%         N/A       89%         2
 Poisonous Vapours        Pois/Air       0%         N/A       89%         2
 Wereblood                Tmut           0%         N/A       89%         2
 Gell's Gravitas          Tloc           0%         N/A       98%         3
 Lesser Beckoning         Tloc           0%         N/A       98%         3
 Mephitic Cloud           Conj/Pois/Air  0%         N/A       98%         3
 Spider Form              Tmut/Pois      0%         N/A       98%         3
 Swiftness                Air            0%         N/A       98%         3
 Teleport Other           Tloc           0%         N/A       98%         3
 Tukima's Dance           Hex            0%         N/A       98%         3
 Passage of Golubria      Tloc           0%         N/A       100%        4
 Yara's Violent Unravell  Hex/Tmut       0%         3d3       100%        5
 Dispersal                Tloc           0%         N/A       100%        6


Dungeon Overview and Level Annotations

Branches:
Dungeon (5/15)
 Temple: D:4-7

Altars:

Shops:
D:3 ?[   D:4 :?[

Annotations:
D:5 2 runed translucent doors, Menkaure


Innate Abilities, Weirdness & Mutations

You are too large for most types of armour.
You have claws for hands.
Your natural rate of healing is unusually fast.
You are covered in fur. (AC +1)
You have tough skin. (AC +1)
You possess an exceptional clarity of mind.


Message History

Done exploring.
Done exploring.
Done exploring.
Done exploring.
Done exploring.
Done exploring.
Done exploring.
Done exploring.
There is a stone staircase leading down here.
You climb downwards.
Menkaure shouts!
The water moccasin hisses angrily.
Found a +5 ring of evasion and 25 gold pieces.
Found an escape hatch in the floor.
There is a stone staircase leading up here.
You thump Menkaure!
Menkaure is heavily damaged.
Menkaure mumbles some strange words.
Menkaure seems to speed up.
You hit Menkaure but do no damage.
Menkaure is heavily damaged.
Menkaure hits you! You block the water moccasin's attack.
Menkaure closely misses you.
You hit Menkaure.
Menkaure is severely damaged.
You block the water moccasin's attack. Menkaure hits you!
The water moccasin bites you.
You are poisoned.
The water moccasin poisons you!
You barely miss Menkaure.
Menkaure is severely damaged.
You feel very sick. You block the water moccasin's attack. Menkaure hits you!
The scorpion closely misses you. The water moccasin bites you.
Menkaure hits you but does no damage.
You barely miss Menkaure.
Menkaure is severely damaged.
You feel sick. The water moccasin bites you!
* * * LOW HITPOINT WARNING * * *
The scorpion misses you. Menkaure hits you!!
You die...

..#. .... +
.≈≈≈. .+
.≈$≈.###### ..#
.≈≈≈..#...##...
.............
.........S##
.....=.<@..#
...#...>sM......
#........####
###......#
##..$....
#........
##.....#..
###.#.#..


You could see a water moccasin, Menkaure (fast) and a scorpion.

Vanquished Creatures
  An ogre (D:4)
  A black bear (D:4)
  3 scorpions (D:4)
  A howler monkey (D:4)
  A jelly (D:4)
  Crazy Yiuf (D:3)
  An iguana (D:4)
  Ijyb (D:4)
  2 orc wizards (D:3)
  3 adders
  A worm (D:2)
  5 dart slugs
  6 orcs (D:3)
  4 bats
  12 endoplasms
  3 giant cockroaches
  15 goblins
  9 hobgoblins
  5 jackals
  A quokka (D:1)
  4 ball pythons
  A frilled lizard (D:1)
  8 kobolds
  4 rats
93 creatures vanquished.

Vanquished Creatures (others)
  A fungus (D:3)
1 creature vanquished.

Grand Total: 94 creatures vanquished

Notes
Turn   | Place    | Note
-------+----------+-------------------------------------------
     0 | D:1      | BlackLaughter the Troll Fighter began the quest for the
                  | Orb.
     0 | D:1      | Reached XP level 1. HP: 22/22 MP: 0/0
   319 | D:1      | Reached XP level 2. HP: 26/29 MP: 1/1
   741 | D:2      | You fall into a shaft and drop 1 floor!
   855 | D:2      | Reached XP level 3. HP: 25/36 MP: 2/2
  1657 | D:3      | Found a faded altar of an unknown god.
  1732 | D:3      | Reached XP level 4. HP: 33/44 MP: 3/3
  1788 | D:3      | Found Urch's Magic Scroll Shoppe.
  1803 | D:3      | Bought a scroll of identify for 22 gold pieces
  1806 | D:3      | Gained mutation: Your magical capacity is low. (-10% MP)
                  | [potion of mutation]
  1806 | D:3      | Gained mutation: You have sharp toenails. [potion of
                  | mutation]
  1807 | D:3      | Lost mutation: Your magical capacity is low. (-10% MP)
                  | [potion of mutation]
  1807 | D:3      | Lost mutation: You have sharp toenails. [potion of
                  | mutation]
  1807 | D:3      | Gained mutation: You possess an exceptional clarity of
                  | mind. [potion of mutation]
  1843 | D:3      | Found Zyfriom's Antique Armour Emporium.
  2111 | D:3      | Found a runed translucent door.
  2112 | D:3      | Noticed Crazy Yiuf
  2123 | D:3      | Killed Crazy Yiuf
  2124 | D:3      | Reached XP level 5. HP: 53/53 MP: 4/4
  2218 | D:4      | Found Raat's Magic Scroll Boutique.
  2229 | D:4      | Reached XP level 6. HP: 56/61 MP: 5/5
  2259 | D:4      | Bought a scroll of identify for 24 gold pieces
  2259 | D:4      | Bought a scroll of identify for 24 gold pieces
  2259 | D:4      | Bought a scroll of identify for 24 gold pieces
  2404 | D:4      | Found Teida's Armour Emporium.
  3000 | D:4      | Noticed Ijyb
  3012 | D:4      | Killed Ijyb
  3161 | D:4      | Found Rocsiar's Book Emporium.
  3190 | D:4      | Reached XP level 7. HP: 67/67 MP: 6/6
  3419 | D:5      | Entered Level 5 of the Dungeon
  3419 | D:5      | Noticed Menkaure
  3420 | D:5      | Found a runed translucent gate.
  3420 | D:5      | Found a runed translucent gate.
  3425 | D:5      | Slain by Menkaure

Illustrated notes

Levels and vault maps discovered:
D:1:      dpeg_arrival_arbitrary_b, layout_basic
D:2:      layout_basic
D:3:      layout_rooms, serial_shops, nicolae_shop_stone, nicolae_square_shop,
          hellmonk_ecumenical_altar_lost_god, uniq_crazy_yiuf_cottage
D:4:      kennysheep_goblin_castle, layout_rooms, serial_shops, shop, shop,
          nicolae_shop_trees, hangedman_decor_lopped
D:5:      layout_rooms, old_standard_altar, gammafunk_ghost_necromancy,
          corexii_item_surrounded_by_moat, uniq_sigmund, uniq_menkaure

Skill      XL: |  1  2  3  4  5  6 |
---------------+-------------------+-----
Maces & Flails | 2 3 4 |  4.5
Shields        | 3 4 |  4.7
Dodging        | 3 |  3.9
Fighting       | 3 |  3.5
Stealth        | |  0.2

Action                   |  1- 3 |  4- 6 |  7- 9 || total
-------------------------+-------+-------+-------++-------
Melee: Flail             |   122 |   178 |    13 ||   313
Throw: Throwing net      |       |     1 |       ||     1
  Use: Scroll            |       |     5 |       ||     5
       Potion            |       |     2 |       ||     2
Armor: Robe              |    51 |   100 |     5 ||   156
Dodge: Dodged            |    58 |   444 |    10 ||   512
Block: Kite shield       |    44 |   320 |     7 ||   371

Table legend: (Time is in decaauts)
 A = Elapsed time spent in this place.
 B = Non-inter-level travel time spent in this place.
 C = Inter-level travel time spent in this place.
 D = Time resting spent in this place.
 E = Time spent auto-exploring this place.
 F = Levels seen in this place.
 G = Mean time per level.
                   A        B        C        D        E       F      G
               +--------+--------+--------+--------+--------+-----+--------+
         Total |   3544 |   3397 |    147 |     34 |   2137 |   5 |  708.8 |
       Dungeon |   3544 |   3397 |    147 |     34 |   2137 |   5 |  708.8 |
               +--------+--------+--------+--------+--------+-----+--------+

Top non-repeatable levels by time:
     D:4: 1311 daAuts
     D:2: 891 daAuts
     D:1: 762 daAuts
     D:3: 572 daAuts
     D:5: 6 daAuts
